 Dungeon Crawl Stone Soup version 0.28-a0-577-gb193047a1f (webtiles) character file.

Game seed: 9869252606488920462

7 demibob the Poker (level 2, 19/22 HPs)
             Began as a Merfolk Gladiator on Oct 2, 2021.
             Was an Initiate of Gozag.
             Quit the game on level 1 of the Dungeon.
             The game lasted 00:00:22 (289 turns).

demibob the Poker (Merfolk Gladiator)                Turns: 289, Time: 00:00:22

Health: 19/22      AC:  4    Str: 14    XL:     2   Next: 0%
Magic:  2/2        EV: 13    Int:  7    God:    Gozag
Gold:   8          SH:  0    Dex: 15    Spells: 1/1 levels left

rFire   . . .      SeeInvis .   a - +0 trident
rCold   . . .      Faith    .   (no shield)
rNeg    . . .      Spirit   .   b - +0 leather armour
rPois   .          Reflect  .   c - +0 helmet
rElec   .          Harm     .   (no cloak)
rCorr   .          Rampage  .   (no gloves)
Will    .....                   (no boots)
Stlth   +.........              (no amulet)
HPRegen 0.07/turn               (no ring)
MPRegen 0.08/turn               (no ring)

@: no status effects
A: (nimble swimmer 2), mertail
a: Renounce Religion, Potion Petition, Call Merchant, Bribe Branch


You were on level 1 of the Dungeon.
You worshipped Gozag.
Gozag was noncommittal.
You visited 1 branch of the dungeon, and saw 1 of its levels.

You collected 8 gold pieces.


Innate Abilities, Weirdness & Mutations

((You are quick and stealthy near water. (Stealth+, EV+, Speed+++)))
Your lower body shifts to a powerful aquatic tail in water.


   Skills:
 - Level 2.1 Fighting
 + Level 4.8 Polearms
 - Level 2.0 Throwing
 + Level 4.3 Dodging


You had one spell level left.
You didn't know any spells.
Your spell library was empty.

Inventory:

Hand Weapons
 a - a +0 trident (weapon)
Missiles
 d - 3 throwing nets (quivered) {=f}
Armour
 b - a +0 leather armour (worn)
 c - a +0 helmet (worn)

Dungeon Overview and Level Annotations

Branches:
Dungeon (1/15)

Altars:
Gozag

#.# #.# .#### #.#
.>.. #.# ... #.#
..# #.# ..# #.#
####..#
#.#########§§§..#
#.........§.@...#
##########§§§§#.#
###### #


There were no monsters in sight!


Message History

No target in view!
No target in view!
No target in view!
No target in view!
There is a stone staircase leading down here.
Found 17 gold pieces.
Found a faded altar of an unknown god.
A rat comes into view.
A rat is nearby!
A rat is nearby!
There is a faded altar of an unknown god here.
Found a stone staircase leading down.
You reach to attack!
The helpless rat fails to defend itself.
You hit the rat.
The rat is severely wounded.
You barely miss the rat.
The rat is severely wounded.
The rat bites you.
You hit the rat but do no damage.
The rat is severely wounded.
The rat barely misses you.
You hit the rat.
You kill the rat!
You have reached level 2!
There is a faded altar of an unknown god here.
You cannot tell which god this altar belongs to.
Convert to them anyway?
Gozag accepts your prayer! Gozag welcomes you!
Gozag waives the service fee.
Are you sure you want to abandon this character and quit the game? (Confirm with "yes".)

Action                   || total
-------------------------++-------
Melee: Trident           ||    19
 Stab: Sleeping          ||     1
Armor: Leather armour    ||     1
Dodge: Dodged            ||     9

Levels and vault maps discovered:
D:1:      dpeg_arrival_tiny_d, layout_loops_ring, serial_co_window_serial,
          co_window_paths_a, co_window_paths_a, co_window_of_opportunity_a,
          co_window_of_opportunity_a, co_window_corner_a, co_window_2corner,
          co_window_corner_ca, co_window_unsneaky_path_c,
          co_window_of_opportunity_b, co_window_4corner_b, co_window_sun,
          serial_shops, shop, ebering_ecumenical_altar_mist,
          minmay_misc_feat_hallway

Notes
Turn   | Place    | Note
-------+----------+-------------------------------------------
     0 | D:1      | demibob the Merfolk Gladiator began the quest for the Orb.
     0 | D:1      | Reached XP level 1. HP: 16/16 MP: 1/1
   274 | D:1      | Found a faded altar of an unknown god.
   287 | D:1      | Reached XP level 2. HP: 19/22 MP: 2/2
   288 | D:1      | Became a worshipper of Gozag Ym Sagoz the Greedy
   289 | D:1      | Quit the game

Vanquished Creatures
  A goblin (D:1)
  A hobgoblin (D:1)
  3 ball pythons (D:1)
  A rat (D:1)
6 creatures vanquished.

Table legend: (Time is in decaauts)
 A = Elapsed time spent in this place.
 B = Non-inter-level travel time spent in this place.
 C = Inter-level travel time spent in this place.
 D = Time resting spent in this place.
 E = Time spent auto-exploring this place.
 F = Levels seen in this place.
 G = Mean time per level.
                   A        B        C        D        E       F      G
               +--------+--------+--------+--------+--------+-----+--------+
         Total |    290 |    290 |      0 |      0 |    242 |   1 |  290.0 |
       Dungeon |    290 |    290 |      0 |      0 |    242 |   1 |  290.0 |
               +--------+--------+--------+--------+--------+-----+--------+

Top non-repeatable levels by time:
     D:1: 290 daAuts

Table legend:
 A = Non-vault XP
 B = Vault XP
 C = Vault XP percentage of total XP
 D = Non-vault monster count
 E = Vault monster count
 F = Vault count percentage of total count
                 A         B        C        D         E       F
            +---------+---------+-------+---------+---------+-------
      Total |      10 |       0 |   0.0 |       6 |       0 |   0.0
            +---------+---------+-------+---------+---------+-------
        D:1 |      10 |       0 |   0.0 |       6 |       0 |   0.0
            +---------+---------+-------+---------+---------+-------
